TOP OF THE 1ST |
Sioux Falls Red Pandas batting - Pitching for Salt Lake City Buzz : LHP Tony Smehrik
|
Pitching: LHP Tony Smehrik
|
|
Batting: LHB Mo-ruo Teoh
|
0-0: Ball 1-0: SINGLE (Groundball, 56S) (infield hit)
|
Batting: RHB Wilfred McLaughlin
|
0-0: Called Strike 0-1: Foul Ball, location: 2F 0-2: Strikes out looking
|
Batting: RHB Gary Chalmers
|
0-0: Called Strike 0-1: Ball 1-1: Ball 2-1: SINGLE (Line Drive, 4D) Mo-ruo Teoh to second Runner from 2nd tries for 3rd, SAFE, no throw
|
Batting: RHB Eric D'Angle
|
0-0: Fly out, F9 (Flyball, 89S) Runner from 3rd tags up, SCORES, throw made
|
Batting: LHB Jorge Vélez
|
0-0: Called Strike 0-1: Ball 1-1: Foul Ball, location: 2F 1-2: Fly out, F8 (Flyball, 78XD)
|
Top of the 1st over - 1 run, 2 hits, 0 errors, 1 left on base; Sioux Falls 1 - Salt Lake City 0 |
BOTTOM OF THE 1ST |
Salt Lake City Buzz batting - Pitching for Sioux Falls Red Pandas : LHP George Eisenhauer
|
Pitching: LHP George Eisenhauer
|
|
Batting: LHB Orlando Casillas
|
0-0: Swinging Strike 0-1: Ball 1-1: SOLO HOME RUN (Flyball, 9D), Distance : 398 ft
|
Batting: RHB Christian Gentry
|
0-0: SINGLE (Line Drive, 8RS)
|
Batting: RHB Bill Chaundler
|
0-0: Called Strike 0-1: Ball 1-1: Ball 2-1: Called Strike 2-2: Ball 3-2: Base on Balls Christian Gentry to second
|
Batting: RHB Carlos Muńóz
|
0-0: Grounds into double play, 1-6-3 (Groundball, 13S) Christian Gentry to third
|
Batting: RHB Luo-lang Li
|
0-0: Called Strike 0-1: Fly out, F9 (Flyball, 89S)
|
Bottom of the 1st over - 1 run, 2 hits, 0 errors, 1 left on base; Sioux Falls 1 - Salt Lake City 1 |
TOP OF THE 2ND |
Sioux Falls Red Pandas batting - Pitching for Salt Lake City Buzz : LHP Tony Smehrik
|
Batting: RHB Martinus Xhaka
|
0-0: Ball 1-0: Ball 2-0: Ball 3-0: Base on Balls
|
Batting: RHB Darrell Terwey
|
0-0: Ball 1-0: Swinging Strike 1-1: Ball 2-1: Foul Ball, location: 2F 2-2: Ball 3-2: Base on Balls Martinus Xhaka to second
|
Batting: LHB Arturo Acevedo
|
0-0: Foul Ball, location: 2F 0-1: Foul Ball, location: 2F 0-2: Ball 1-2: Fielders Choice at 2nd, 5-4 (Groundball, 56) Martinus Xhaka to third
|
Batting: SHB Esteban Lugo
|
0-0: Ball 1-0: Foul Ball, location: 2F 1-1: Called Strike 1-2: Foul Ball, location: 2F 1-2: Foul Ball, location: 2F 1-2: Fielders Choice at 2nd, 1-4 (Groundball, 15S)
|
Batting: LHB Mo-ruo Teoh
|
0-0: Swinging Strike 0-1: Called Strike 0-2: Ground out 6-3 (Groundball, 6)
|
Top of the 2nd over - 0 runs, 0 hits, 0 errors, 2 left on base; Sioux Falls 1 - Salt Lake City 1 |
BOTTOM OF THE 2ND |
Salt Lake City Buzz batting - Pitching for Sioux Falls Red Pandas : LHP George Eisenhauer
|
Batting: RHB Vicente Cruz
|
0-0: Ball 1-0: Called Strike 1-1: Ground out 5-3 (Groundball, 56)
|
Batting: LHB Bob Daugherty
|
0-0: Called Strike 0-1: Called Strike 0-2: Ground out 6-3 (Groundball, 6)
|
Batting: LHB Alistair Mix
|
0-0: Ball 1-0: Ball 2-0: Ball 3-0: Called Strike 3-1: Foul Ball, location: 2F 3-2: Foul Ball, location: 2F 3-2: Fly out, F9 (Flyball, 9D)
|
Bottom of the 2nd over - 0 runs, 0 hits, 0 errors, 0 left on base; Sioux Falls 1 - Salt Lake City 1 |
TOP OF THE 3RD |
Sioux Falls Red Pandas batting - Pitching for Salt Lake City Buzz : LHP Tony Smehrik
|
Batting: RHB Wilfred McLaughlin
|
0-0: Ball 1-0: Called Strike 1-1: Ball 2-1: Called Strike 2-2: SINGLE (Groundball, 34D)
|
Batting: RHB Gary Chalmers
|
0-0: Called Strike 0-1: Foul Ball, location: 2F 0-2: Strikes out swinging
|
Batting: RHB Eric D'Angle
|
0-0: Ball 1-0: Foul Ball, location: 2F 1-1: Called Strike 1-2: Fly out, F9 (Flyball, 9)
|
Batting: LHB Jorge Vélez
|
0-0: Foul Ball, location: 2F 0-1: Ground out 4-3 (Groundball, 4)
|
Top of the 3rd over - 0 runs, 1 hit, 0 errors, 1 left on base; Sioux Falls 1 - Salt Lake City 1 |
BOTTOM OF THE 3RD |
Salt Lake City Buzz batting - Pitching for Sioux Falls Red Pandas : LHP George Eisenhauer
|
Batting: RHB Olaf Esveld
|
0-0: SINGLE (Groundball, 56D)
|
Batting: LHB Orlando Casillas
|
0-0: Ball 1-0: Ball 2-0: Fly out, F7 (Flyball, 7S)
|
Batting: RHB Christian Gentry
|
0-0: Ball 1-0: Ball 2-0: Ball 3-0: Foul Ball, location: 2F 3-1: Fly out, F8 (Flyball, 89D)
|
Batting: RHB Bill Chaundler
|
0-0: Ball 1-0: Foul Ball, location: 2F 1-1: Called Strike 1-2: Foul Ball, location: 2F 1-2: SINGLE (Line Drive, 8RS) Olaf Esveld to second
|
Batting: RHB Carlos Muńóz
|
0-0: DOUBLE (Flyball, 8LXD) Olaf Esveld scores Bill Chaundler to third Runner from 3rd tries for Home, SAFE, no throw
|
Batting: RHB Luo-lang Li
|
0-0: Foul Ball, location: 2F 0-1: Ball 1-1: Called Strike 1-2: Ball 2-2: Foul Ball, location: 2F 2-2: SINGLE (Groundball, 6D) Carlos Muńóz to third Runner from 3rd tries for Home, SAFE, no throw
|
Batting: RHB Vicente Cruz
|
0-0: Called Strike 0-1: Foul Ball, location: 2F 0-2: Foul Ball, location: 2F 0-2: Ball 1-2: Foul Ball, location: 2F 1-2: Ball 2-2: Strikes out swinging
|
Bottom of the 3rd over - 3 runs, 4 hits, 0 errors, 1 left on base; Sioux Falls 1 - Salt Lake City 4 |
TOP OF THE 4TH |
Sioux Falls Red Pandas batting - Pitching for Salt Lake City Buzz : LHP Tony Smehrik
|
Batting: RHB Martinus Xhaka
|
0-0: Ground out 6-3 (Groundball, 6D)
|
Batting: RHB Darrell Terwey
|
0-0: Called Strike 0-1: Ball 1-1: DOUBLE (Line Drive, 5D)
|
Batting: LHB Arturo Acevedo
|
0-0: Ball 1-0: Ball 2-0: Called Strike 2-1: Swinging Strike 2-2: Strikes out swinging
|
Batting: SHB Esteban Lugo
|
0-0: Called Strike 0-1: Foul Ball, location: 2F 0-2: Ball 1-2: Ball 2-2: Ball 3-2: Base on Balls
|
Batting: LHB Mo-ruo Teoh
|
0-0: Foul Ball, location: 2F 0-1: DOUBLE (Line Drive, 9LM) Darrell Terwey scores Esteban Lugo to third Runner from 3rd tries for Home, SAFE, no throw
|
Batting: RHB Wilfred McLaughlin
|
0-0: Ball 1-0: Ball 2-0: Ball 3-0: Called Strike 3-1: Base on Balls
|
Batting: RHB Gary Chalmers
|
0-0: Ball 1-0: Ball 2-0: Called Strike 2-1: Foul Ball, location: 2F 2-2: SINGLE (Groundball, 6) (infield hit) Mo-ruo Teoh to third Wilfred McLaughlin to second
|
Batting: RHB Eric D'Angle
|
0-0: Swinging Strike 0-1: GRAND SLAM HOME RUN (Flyball, 7LD), Distance : 357 ft
|
Batting: LHB Jorge Vélez
|
0-0: Ball 1-0: Called Strike 1-1: SINGLE (Line Drive, 34D)
|
Pitching: RHP Hiroaki Nakagawa
|
|
Batting: RHB Martinus Xhaka
|
0-0: Ground out 4-3 (Groundball, 34)
|
Top of the 4th over - 6 runs, 5 hits, 0 errors, 1 left on base; Sioux Falls 7 - Salt Lake City 4 |
BOTTOM OF THE 4TH |
Salt Lake City Buzz batting - Pitching for Sioux Falls Red Pandas : LHP George Eisenhauer
|
Batting: LHB Bob Daugherty
|
0-0: Called Strike 0-1: Ball 1-1: Fly out, F8 (Flyball, 8LS)
|
Batting: LHB Alistair Mix
|
0-0: Swinging Strike 0-1: SINGLE (Groundball, 4D)
|
Batting: RHB Olaf Esveld
|
0-0: Called Strike 0-1: Ball 1-1: Ball 2-1: Foul Ball, location: 2F 2-2: SINGLE (Line Drive, 4MD) Alistair Mix to second Alistair Mix to third
|
Pitching: RHP Roberto Calderón
|
|
Batting: LHB Orlando Casillas
|
0-0: Foul Ball, location: 2F 0-1: Ground out 4-3 (Groundball, 34) Alistair Mix scores Olaf Esveld to second
|
Batting: RHB Christian Gentry
|
0-0: Ball 1-0: Ground out 5-3 (Groundball, 56)
|
Bottom of the 4th over - 1 run, 2 hits, 0 errors, 1 left on base; Sioux Falls 7 - Salt Lake City 5 |
TOP OF THE 5TH |
Sioux Falls Red Pandas batting - Pitching for Salt Lake City Buzz : RHP Hiroaki Nakagawa
|
Batting: RHB Darrell Terwey
|
0-0: DOUBLE (Flyball, 89D)
|
Batting: LHB Arturo Acevedo
|
0-0: Called Strike 0-1: Ball 1-1: Foul Ball, location: 2F 1-2: Foul Ball, location: 2F 1-2: Ground out 5-3 (Groundball, 56S) Darrell Terwey to third
|
Batting: SHB Esteban Lugo
|
0-0: Fly out, F9 (Flyball, 9S)
|
Batting: LHB Mo-ruo Teoh
|
0-0: Swinging Strike 0-1: Swinging Strike 0-2: Ball 1-2: Ball 2-2: Foul Ball, location: 2F 2-2: Ball 3-2: Base on Balls
|
Batting: RHB Wilfred McLaughlin
|
0-0: Ball 1-0: Called Strike Mo-ruo Teoh steals 2nd base 1-1: Ground out 6-3 (Groundball, 6)
|
Top of the 5th over - 0 runs, 1 hit, 0 errors, 2 left on base; Sioux Falls 7 - Salt Lake City 5 |
BOTTOM OF THE 5TH |
Salt Lake City Buzz batting - Pitching for Sioux Falls Red Pandas : RHP Roberto Calderón
|
Batting: RHB Bill Chaundler
|
0-0: Ball 1-0: Foul Ball, location: 2F 1-1: SOLO HOME RUN (Flyball, 7LD), Distance : 366 ft
|
Batting: RHB Carlos Muńóz
|
0-0: Called Strike 0-1: Fly out, F8 (Flyball, 8RS)
|
Batting: RHB Luo-lang Li
|
0-0: Fly out, F7 (Flyball, 7S)
|
Batting: RHB Vicente Cruz
|
0-0: Called Strike 0-1: Ball 1-1: Called Strike 1-2: Ball 2-2: Strikes out swinging
|
Bottom of the 5th over - 1 run, 1 hit, 0 errors, 0 left on base; Sioux Falls 7 - Salt Lake City 6 |
TOP OF THE 6TH |
Sioux Falls Red Pandas batting - Pitching for Salt Lake City Buzz : RHP Hiroaki Nakagawa
|
Batting: RHB Gary Chalmers
|
0-0: DOUBLE (Line Drive, 9LM)
|
Batting: RHB Eric D'Angle
|
0-0: Ball 1-0: Ball 2-0: Called Strike 2-1: Ball 3-1: Base on Balls
|
Batting: LHB Jorge Vélez
|
0-0: Fielders Choice at 2nd, 4-6 (Groundball, 4) Gary Chalmers to third
|
Batting: RHB Martinus Xhaka
|
0-0: Ball 1-0: Called Strike Throwing error on steal attempt, E2 Gary Chalmers scores Jorge Vélez to third 1-1: Ground out 5-3 (Groundball, 56S) Jorge Vélez scores
|
Batting: RHB Darrell Terwey
|
0-0: Called Strike 0-1: DOUBLE (Flyball, 9D)
|
Batting: LHB Arturo Acevedo
|
0-0: Ball 1-0: Ball 2-0: Ball 3-0: Base on Balls
|
Batting: SHB Esteban Lugo
|
0-0: Called Strike 0-1: DOUBLE (Line Drive, 7LM) Darrell Terwey scores Arturo Acevedo to third Runner from 3rd tries for Home, SAFE, no throw
|
Batting: LHB Mo-ruo Teoh
|
0-0: Called Strike 0-1: Ball 1-1: Ball 2-1: Swinging Strike 2-2: Foul Ball, location: 2F 2-2: Ball 3-2: Base on Balls
|
Batting: RHB Wilfred McLaughlin
|
0-0: Ball 1-0: Fly out, F9 (Line Drive, 9S)
|
Top of the 6th over - 4 runs, 3 hits, 1 error, 2 left on base; Sioux Falls 11 - Salt Lake City 6 |
BOTTOM OF THE 6TH |
Salt Lake City Buzz batting - Pitching for Sioux Falls Red Pandas : RHP Roberto Calderón
|
Batting: LHB Bob Daugherty
|
0-0: Foul Ball, location: 2F 0-1: Ball 1-1: Ball 2-1: DOUBLE (Line Drive, 3D)
|
Batting: LHB Alistair Mix
|
0-0: Ball 1-0: Fly out, F6 (Popup, 6M)
|
Batting: RHB Olaf Esveld
|
0-0: Called Strike 0-1: Ball 1-1: Ball 2-1: Swinging Strike 2-2: Ball 3-2: Strikes out swinging
|
Batting: LHB Orlando Casillas
|
0-0: Ball 1-0: Ball 2-0: Ball 3-0: Called Strike 3-1: Base on Balls
|
Batting: RHB Christian Gentry
|
0-0: Swinging Strike 0-1: Ball 1-1: Ball 2-1: Swinging Strike 2-2: Foul Ball, location: 2F 2-2: Strikes out swinging
|
Bottom of the 6th over - 0 runs, 1 hit, 0 errors, 2 left on base; Sioux Falls 11 - Salt Lake City 6 |
TOP OF THE 7TH |
Sioux Falls Red Pandas batting - Pitching for Salt Lake City Buzz : RHP Hiroaki Nakagawa
|
Batting: RHB Gary Chalmers
|
0-0: Foul Ball, location: 2F 0-1: Ball 1-1: Foul Ball, location: 2F 1-2: Fly out, F7 (Line Drive, 7S)
|
Batting: RHB Eric D'Angle
|
0-0: Foul Ball, location: 2F 0-1: Called Strike 0-2: Ball 1-2: Fly out, F7 (Flyball, 7S)
|
Batting: LHB Jorge Vélez
|
0-0: Ball 1-0: Called Strike 1-1: Foul Ball, location: 2F 1-2: Foul Ball, location: 2F 1-2: Foul Ball, location: 2F 1-2: Fly out, F8 (Flyball, 8RM)
|
Top of the 7th over - 0 runs, 0 hits, 0 errors, 0 left on base; Sioux Falls 11 - Salt Lake City 6 |
BOTTOM OF THE 7TH |
Salt Lake City Buzz batting - Pitching for Sioux Falls Red Pandas : RHP Roberto Calderón
|
Batting: RHB Bill Chaundler
|
0-0: Ball 1-0: Called Strike 1-1: Ball 2-1: Ball 3-1: Swinging Strike 3-2: Base on Balls
|
Batting: RHB Carlos Muńóz
|
0-0: DOUBLE (Line Drive, 78XD) Bill Chaundler to third Runner from 3rd tries for Home, SAFE, no throw
|
Pitching: RHP Tom Warrawong
|
|
Batting: RHB Luo-lang Li
|
0-0: Fly out, F3 (Popup, 3F)
|
Batting: RHB Vicente Cruz
|
0-0: Ball 1-0: Swinging Strike 1-1: Ball 2-1: Ball 3-1: Foul Ball, location: 2F 3-2: Strikes out swinging
|
Batting: LHB Bob Daugherty
|
0-0: Ball 1-0: Ball 2-0: Ball 3-0: Called Strike 3-1: Foul Ball, location: 2F 3-2: Base on Balls
|
Batting: LHB Alistair Mix
|
0-0: Ball 1-0: Foul Ball, location: 2F 1-1: Ball 2-1: Ball 3-1: Base on Balls Carlos Muńóz to third Bob Daugherty to second
|
Batting: RHB Olaf Esveld
|
0-0: Foul Ball, location: 2F 0-1: Swinging Strike 0-2: Ball 1-2: Strikes out looking
|
Bottom of the 7th over - 1 run, 1 hit, 0 errors, 3 left on base; Sioux Falls 11 - Salt Lake City 7 |
TOP OF THE 8TH |
Sioux Falls Red Pandas batting - Pitching for Salt Lake City Buzz : RHP Hiroaki Nakagawa
|
Pitching: LHP Arthur Clough
|
|
Batting: RHB Martinus Xhaka
|
0-0: Called Strike 0-1: Ground out 1-3 (Groundball, P)
|
Pitching: RHP Ben Hopley
|
|
Batting: RHB Darrell Terwey
|
0-0: DOUBLE (Line Drive, 7LD)
|
Batting: LHB Arturo Acevedo
|
0-0: Ball 1-0: Foul Ball, location: 2F 1-1: Ball 2-1: Called Strike 2-2: Foul Ball, location: 2F 2-2: Ball 3-2: Foul Ball, location: 2F 3-2: Base on Balls
|
Batting: SHB Esteban Lugo
|
0-0: Ball 1-0: Ball 2-0: Ball 3-0: Foul Ball, location: 2F 3-1: Foul Ball, location: 2F 3-2: Base on Balls Darrell Terwey to third Arturo Acevedo to second
|
Batting: LHB Mo-ruo Teoh
|
0-0: Ball 1-0: Ball 2-0: Called Strike 2-1: Ball 3-1: Called Strike 3-2: Base on Balls Darrell Terwey scores Arturo Acevedo to third Esteban Lugo to second
|
Batting: RHB Wilfred McLaughlin
|
0-0: Ball 1-0: Called Strike 1-1: Grounds into double play, 3-2-3 (Groundball, 3L)
|
Top of the 8th over - 1 run, 1 hit, 0 errors, 2 left on base; Sioux Falls 12 - Salt Lake City 7 |
BOTTOM OF THE 8TH |
Salt Lake City Buzz batting - Pitching for Sioux Falls Red Pandas : RHP Tom Warrawong
|
Now at 1B: Yun Yen
|
|
Batting: LHB Orlando Casillas
|
0-0: Called Strike 0-1: Foul Ball, location: 2F 0-2: Ball 1-2: Ball 2-2: Foul Ball, location: 2F 2-2: Ball 3-2: Base on Balls
|
Batting: RHB Christian Gentry
|
0-0: Called Strike 0-1: Ball 1-1: Foul Ball, location: 2F 1-2: Ball 2-2: Strikes out swinging
|
Batting: RHB Bill Chaundler
|
0-0: Reached on error, E4 (Groundball, 4M) Orlando Casillas to second
|
Batting: RHB Carlos Muńóz
|
0-0: Called Strike 0-1: Foul Ball, location: 2F 0-2: Foul Ball, location: 2F 0-2: Strikes out looking
|
Batting: RHB Luo-lang Li
|
0-0: Ball 1-0: Ball 2-0: Ball 3-0: Called Strike 3-1: Base on Balls Orlando Casillas to third Bill Chaundler to second
|
Pitching: RHP Cris Herrera
|
|
Batting: RHB Vicente Cruz
|
0-0: Ball 1-0: Ground out U3 (Groundball, 3L)
|
Bottom of the 8th over - 0 runs, 0 hits, 1 error, 3 left on base; Sioux Falls 12 - Salt Lake City 7 |
TOP OF THE 9TH |
Sioux Falls Red Pandas batting - Pitching for Salt Lake City Buzz : RHP Ben Hopley
|
Batting: RHB Gary Chalmers
|
0-0: Called Strike 0-1: Foul Ball, location: 2F 0-2: SINGLE (Groundball, 56D)
|
Batting: RHB Eric D'Angle
|
0-0: Called Strike 0-1: Ball 1-1: Fly out, F7 (Flyball, 78S)
|
Batting: LHB Jorge Vélez
|
Pickoff Throw to First - Out! 0-0: Called Strike 0-1: Foul Ball, location: 2F 0-2: Ball 1-2: Ball 2-2: Ball 3-2: Foul Ball, location: 2F 3-2: Strikes out swinging
|
Top of the 9th over - 0 runs, 1 hit, 0 errors, 0 left on base; Sioux Falls 12 - Salt Lake City 7 |
BOTTOM OF THE 9TH |
Salt Lake City Buzz batting - Pitching for Sioux Falls Red Pandas : RHP Cris Herrera
|
Now at C: Gerardo Castillo
|
|
Batting: LHB Bob Daugherty
|
0-0: Called Strike 0-1: Ball 1-1: Ball 2-1: Ball 3-1: Base on Balls
|
Batting: LHB Alistair Mix
|
0-0: Called Strike 0-1: Swinging Strike 0-2: Ball 1-2: SINGLE (Groundball, 6D) Bob Daugherty to second
|
Batting: RHB Olaf Esveld
|
0-0: Foul Ball, location: 2F 0-1: Foul Ball, location: 2F 0-2: Foul Ball, location: 2F 0-2: Foul Ball, location: 2F 0-2: Strikes out swinging
|
Batting: LHB Orlando Casillas
|
0-0: Fielders Choice at 2nd, 1-4 (Groundball, 15S) Bob Daugherty to third
|
Batting: RHB Christian Gentry
|
0-0: Called Strike 0-1: Swinging Strike 0-2: Ball 1-2: Ball 2-2: Ball 3-2: Strikes out looking
|
Bottom of the 9th over - 0 runs, 1 hit, 0 errors, 2 left on base; Sioux Falls 12 - Salt Lake City 7 |
|